 Dungeon Crawl Stone Soup version 0.22-b1-21-g5cfc168 (webtiles) character file.

914 letownia2 the Insei (level 7, -4/50 HPs)
             Began as a Demonspawn Transmuter on Aug 5, 2018.
             Killed from afar by Dowan (12 damage)
             ... with a shard of ice
             ... on level 4 of the Dungeon.
             The game lasted 00:16:47 (2320 turns).

letownia2 the Insei (Demonspawn Transmuter)         Turns: 2320, Time: 00:16:48

Health: -4/50      AC:  6    Str: 12    XL:     7   Next: 82%
Magic:  2/12       EV: 12    Int: 14    God:
Gold:   156        SH:  0    Dex: 14    Spells: 2/13 levels left

rFire    . . .     SeeInvis +     - Unarmed
rCold    . . .     Gourm    .   (no shield)
rNeg     . . .     Faith    .   e - +0 leather armour
rPois    .         Spirit   .   (helmet restricted)
rElec    .         Reflect  .   (no cloak)
rCorr    .         Harm     .   v - +0 pair of gloves
MR       .....                  (no boots)
Stlth    +.........             (no amulet)
HPRegen  0.16/turn              t - ring of see invisible
MPRegen  0.13/turn              (no ring)

@: very slightly contaminated
A: horns 2, molten scales 1, demonic guardian 1
a: no special abilities


You were on level 4 of the Dungeon.
You were near starving.

You visited 1 branch of the dungeon, and saw 5 of its levels.

You collected 180 gold pieces.
You spent 24 gold pieces at shops.

Inventory:

Hand Weapons
 f - a +0 hunting sling
 h - a cursed -3 hunting sling
Missiles
 a - 101 arrows
 i - 62 sling bullets
Armour
 b - a +0 robe
 e - a +0 leather armour (worn)
 q - a +0 shield
 v - a +0 pair of gloves (worn)
 x - a +2 robe of positive energy
 y - a +0 pair of boots
Jewellery
 t - a ring of see invisible (left hand)
Scrolls
 c - 2 scrolls of blinking {unknown}
 g - 2 scrolls of enchant armour {unknown}
 j - 5 scrolls of identify
 l - a scroll of amnesia {unknown}
 m - a scroll of fear {unknown}
 p - 3 scrolls of fog
 s - 3 scrolls of teleportation {unknown}
 w - 6 scrolls of remove curse {unknown}
 z - a scroll of magic mapping {unknown}
 A - a scroll of noise {unknown}
Potions
 k - a potion of invisibility {unknown}
 n - 2 potions of berserk rage {unknown}
 o - a potion of might
 r - a potion of degeneration {unknown}
 u - a potion of mutation
 B - a potion of heal wounds
Comestibles
 d - 8 rations


   Skills:
 - Level 2.0 Fighting
 - Level 1.6 Armour
 - Level 2.1 Dodging
 - Level 6.2 Unarmed Combat
 + Level 3.8 Spellcasting
 + Level 1.3 Conjurations
 - Level 1.1 Translocations
 - Level 2.6 Transmutations
 + Level 1.2 Air Magic
 - Level 1.7 Poison Magic


You had 2 spell levels left.
You knew the following spells:

 Your Spells              Type           Power        Failure   Level  Hunger
a - Beastly Appendage     Tmut           ##....       9%          1    None
b - Blink                 Tloc           N/A          24%         2    ##.....
e - Mephitic Cloud        Conj/Pois/Air  #.......     38%         3    ###....
l - Sticks to Snakes      Tmut           ##......     13%         2    ##.....
p - Spider Form           Tmut/Pois      #.........   30%         3    ###....

Your spell library contained the following spells:

 Spells                   Type           Power        Failure   Level  Hunger
 Magic Dart               Conj           #...         14%         1    None
 Conjure Flame            Conj/Fire      #.......     50%         3    ###....
 Slow                     Hex            #.......     36%         2    ##.....
 Call Imp                 Summ           #.......     36%         2    ##.....
 Blade Hands              Tmut           ##........   93%         5    ######.
 Ice Form                 Ice/Tmut       #.......     82%         4    ####...


Dungeon Overview and Level Annotations

Branches:
Dungeon (5/15)
 Temple: D:4-7

Altars:
Ashenzari
Okawaru
Qazlal
Sif Muna
Zin

Shops:
D:2 *   D:4 [?(

Annotations:
D:4 Dowan
D:5 1 runed door, wojtek's ghost, novice MiFi


Innate Abilities, Weirdness & Mutations

You have a pair of horns on your head.
You are partially covered in molten scales. (AC +2)
A weak demonic guardian rushes to your aid.


Message History

Dowan gestures at you while chanting. The shard of ice hits you!
* * * LOW HITPOINT WARNING * * *
Things that are here:
a rapier; a ring mail; a wand of random effects (29) Unknown command.
Unknown command.
You hit Dowan.
Dowan is lightly wounded.
Dowan hits you but does no damage.
Unknown command.
You hit Dowan. Your headbutt misses Dowan.
Dowan is moderately wounded.
Dowan mumbles some strange words.
Dowan blinks!
Unknown command.
Unknown command.
Dowan gestures at you while chanting. The shard of ice hits you!
You die...

..##########.#
..##...##....#####
...........⌠.⌠...##
............∩.....#
...........⌠.⌠....#
..............e..##
................5##
...........>......#
................@.#
..............[).(#
............##§####
............##...#
..................#
..................#
..................#
..##...#######....#
..##...## #...##


You could see Dowan and a friendly ufetubus.

Vanquished Creatures
  Duvessa (D:4)
  A phantom (D:4)
  Blork the orc (D:4)
  2 scorpions
  A howler monkey (D:3)
  A bullfrog zombie (D:5)
  Jessica (D:3)
  An iguana (D:5)
  Natasha (D:4)
  A worker ant (D:5)
  3 gnolls
  6 adders
  An ooze (D:1)
  2 dart slugs (D:2)
  3 leopard geckos
  3 orcs (D:3)
  A ball python (D:3)
  8 bats
  5 giant cockroaches
  10 goblins
  6 hobgoblins
  4 jackals (D:3)
  6 kobolds
  A quokka (D:2)
  3 frilled lizards
  A leopard gecko zombie (D:5)
  4 rats
78 creatures vanquished.

Vanquished Creatures (collateral kills)
  Grinder (D:4)
  Menkaure (D:4)
  An ogre (D:3)
  A howler monkey (D:5)
  A worker ant (D:4)
  3 gnolls
  A kobold (D:3)
  A quokka (D:2)
10 creatures vanquished.

Vanquished Creatures (others)
  A bat (D:2)
1 creature vanquished.

Grand Total: 89 creatures vanquished

Notes
Turn   | Place    | Note
-------+----------+-------------------------------------------
     0 | D:1      | letownia2 the Demonspawn Transmuter began the quest for the Orb.
     0 | D:1      | Reached XP level 1. HP: 15/15 MP: 3/3
    40 | D:1      | Reached skill level 3 in Unarmed Combat
    88 | D:1      | Gained mutation: A weak demonic guardian rushes to your aid. [demonic ancestry]
    88 | D:1      | Reached XP level 2. HP: 13/21 MP: 3/5
   267 | D:2      | Learned a level 2 spell: Sticks to Snakes
   288 | D:2      | Gained mutation: You have a pair of small horns on your head. [demonic ancestry]
   288 | D:2      | Reached XP level 3. HP: 18/26 MP: 6/6
   328 | D:2      | Reached skill level 4 in Unarmed Combat
   405 | D:2      | Learned a level 3 spell: Spider Form
   426 | D:2      | Found Zin's Purification Station.
   442 | D:2      | Found a glowing silver altar of Zin.
   494 | D:4      | Gained mutation: You have a pair of horns on your head. [demonic ancestry]
   494 | D:4      | Reached XP level 4. HP: 25/32 MP: 3/7
   522 | D:4      | Found an iron altar of Okawaru.
   522 | D:4      | Noticed a phantom
   590 | D:4      | Killed a phantom
   590 | D:4      | Reached skill level 5 in Unarmed Combat
   590 | D:4      | Gained mutation: You are partially covered in molten scales. (AC +2) [demonic ancestry]
   590 | D:4      | Reached XP level 5. HP: 8/37 MP: 2/8
   600 | D:4      | Noticed Blork the orc
   601 | D:4      | Noticed an ogre
   802 | D:2      | Found a deep blue altar of Sif Muna.
  1041 | D:3      | Reached skill level 1 in Armour
  1098 | D:4      | Found Zaoqeq's Antique Weapon Emporium.
  1107 | D:4      | Noticed Grinder
  1139 | D:3      | Noticed Jessica
  1153 | D:3      | Killed Jessica
  1153 | D:3      | Reached XP level 6. HP: 21/44 MP: 9/9
  1338 | D:3      | Reached skill level 1 in Poison Magic
  1419 | D:4      | Killed Blork the orc
  1435 | D:4      | Found Pukhuext's Magic Scroll Shop.
  1443 | D:4      | Bought a scroll of fog for 24 gold pieces
  1519 | D:4      | Paralysed by Grinder for 6 turns
  1521 | D:4      | Killed Grinder
  1521 | D:4      | Reached skill level 6 in Unarmed Combat
  1521 | D:4      | Reached XP level 7. HP: 32/50 MP: 2/10
  1569 | D:4      | Learned a level 2 spell: Blink
  1601 | D:4      | Found a shattered altar of Ashenzari.
  1613 | D:4      | Found Puoseops's Armour Shoppe.
  1634 | D:4      | Noticed Natasha
  1642 | D:4      | Killed Natasha
  1649 | D:4      | Noticed Menkaure
  1658 | D:4      | Killed Menkaure
  1658 | D:4      | Reached skill level 1 in Translocations
  1757 | D:4      | Learned a level 3 spell: Mephitic Cloud
  1809 | D:5      | Entered Level 5 of the Dungeon
  1859 | D:4      | Noticed Duvessa
  1866 | D:4      | Noticed Dowan
  2058 | D:5      | Found a stormy altar of Qazlal.
  2067 | D:5      | Found a runed door.
  2068 | D:5      | Noticed wojtek's ghost (novice MiFi)
  2316 | D:4      | Killed Duvessa
  2316 | D:4      | Reached skill level 1 in Conjurations
  2316 | D:4      | Reached skill level 1 in Air Magic
  2320 | D:4      | Killed from afar by Dowan

Skill      XL: |  1  2  3  4  5  6  7 |
---------------+----------------------+-----
Unarmed Combat | 3 4 5 6 |  6.2
Armour         | 1 |  1.6
Fighting       | 2 |  2.0
Transmutations | 2 |  2.6
Poison Magic   | 1 |  1.7
Dodging        | 2 |  2.1
Translocations | 1 |  1.1
Spellcasting   | 3 |  3.8
Conjurations   | 1 |  1.3
Air Magic      | 1 |  1.2

Action                   |  1- 3 |  4- 6 |  7- 9 || total
-------------------------+-------+-------+-------++-------
Melee: Unarmed           |    77 |   111 |    59 ||   247
       Headbutt          |     4 |    14 |     3 ||    21
       Kick              |     4 |    16 |     1 ||    21
       Punch             |     1 |     3 |       ||     4
 Cast: Beastly Appendage |    13 |    24 |     1 ||    38
       Sticks to Snakes  |     2 |     1 |     2 ||     5
       Spider Form       |     1 |     3 |     6 ||    10
  Use: Scroll            |       |     3 |       ||     3
       Potion            |       |       |     1 ||     1
 Stab: Distracted        |       |     2 |     1 ||     3
  Eat: Chunk             |       |     4 |     3 ||     7
Armor: Robe              |     4 |       |       ||     4
       Leather armour    |    18 |    19 |     8 ||    45
       Skin              |     1 |       |       ||     1
Dodge: Dodged            |    44 |    56 |    41 ||   141
